 Dungeon Crawl Stone Soup version 0.23.2-1-ga50397a (webtiles) character file.

Game seed: 10892723397327581024

56 Iscandelvey the Vexing (level 3, 7/26 HPs)
             Began as a Demonspawn Arcane Marksman on Apr 26, 2019.
             Quit the game on level 2 of the Dungeon.
             The game lasted 00:02:59 (1197 turns).

Iscandelvey the Vexing (Demonspawn Arcane Marksman) Turns: 1197, Time: 00:03:00

Health: 7/26       AC:  4    Str: 10    XL:     3   Next: 71%
Magic:  5/5        EV: 12    Int: 15    God:
Gold:   52         SH:  0    Dex: 13    Spells: 4/5 levels left

rFire    . . .     SeeInvis .   e - +0 dagger
rCold    + . .     Gourm    .   (no shield)
rNeg     . . .     Faith    .   g - +1 leather armour {rC+}
rPois    .         Spirit   .   (no helmet)
rElec    .         Reflect  .   (no cloak)
rCorr    .         Harm     .   (no gloves)
MR       .....                  (no boots)
Stlth    +.........             (no amulet)
HPRegen  0.08/turn              (no ring)
MPRegen  0.09/turn              (no ring)

@: no status effects
A: spiny 1
a: no special abilities


You were on level 2 of the Dungeon.
You were hungry.

You visited 1 branch of the dungeon, and saw 2 of its levels.

You collected 52 gold pieces.

Inventory:

Hand Weapons
 e - a +0 dagger (weapon)
Missiles
 c - 3 javelins (quivered)
 d - 2 throwing nets
Armour
 a - a +0 robe
 g - a +1 leather armour of cold resistance (worn)
Jewellery
 i - a +1 ring of protection {unknown}
 o - a cursed amulet of inaccuracy {unknown}
 p - a cursed ring of attention {unknown}
Scrolls
 b - 2 scrolls of identify {unknown}
 h - a scroll of teleportation {unknown}
 n - a scroll of random uselessness {unknown}
Potions
 j - a potion of brilliance {unknown}
 k - 2 potions of agility {unknown}
 l - a potion of flight {unknown}
 m - 2 potions of curing {unknown}
Comestibles
 f - 6 rations


   Skills:
 - Level 1.0 Fighting
 * Level 2.9 Throwing
 + Level 2.3 Dodging
 + Level 1.7 Spellcasting
 - Level 3.1 Hexes


You had 4 spell levels left.
You knew the following spells:

 Your Spells              Type           Power        Failure   Level  Hunger
a - Corona                Hex            ##.....      9%          1    ##.....

Your spell library contained the following spells:

 Spells                   Type           Power        Failure   Level  Hunger
 Slow                     Hex            ##......     13%         2    ###....
 Inner Flame              Hex/Fire       #.......     45%         3    ####...
 Portal Projectile        Hex/Tloc       #.....       45%         3    ####...
 Cause Fear               Hex            ##........   65%         4    #####..
 Leda's Liquefaction      Hex/Erth       #.........   86%         4    #####..


Dungeon Overview and Level Annotations

Branches:
Dungeon (2/15)

Altars:


Innate Abilities, Weirdness & Mutations

You are partially covered in sharp spines.


Message History

Aim: a hound (almost dead)
You throw a javelin. The javelin barely misses the hound.
The hound is struck by your spines. The hound closely misses you. x2
Throwing (i - inventory. (/) - cycle)
c - 3 javelins (quivered)
Press: ? - help, Shift-Dir - straight line, f/p - hound
Aim: a hound (almost dead)
You throw a javelin. The javelin closely misses the hound.
The hound bites you but does no damage. The hound bites you.
* * * LOW HITPOINT WARNING * * *
Throwing (i - inventory. (/) - cycle)
c - 2 javelins (quivered)
Press: ? - help, Shift-Dir - straight line, f/p - hound
Aim: a hound (almost dead)
You throw a javelin. The javelin hits the hound.
You kill the hound!
You have reached level 3!
Your experience leads to an increase in your attributes!
Increase (S)trength, (I)ntelligence, or (D)exterity?
You feel clever.
c - 3 javelins (gained 2) Are you sure you want to abandon this character and quit the game? (Confirm with "yes".)

#..# ##...##
....... ....#
### ...# ...
#.## ..
##[.###.###
+....@...(#
##...##.#.#
#.#.##.#
#.#..#.#
#.##.#.#
#.##.#.####
#.........#
#######..##.####
#.......>.......


There were no monsters in sight!

Vanquished Creatures
  A hound (D:2)
  2 dart slugs (D:1)
  A ball python (D:1)
  5 bats
  5 goblins (D:1)
  A hobgoblin (D:1)
  A quokka (D:2)
  3 frilled lizards (D:1)
  2 kobolds (D:1)
  5 rats (D:1)
26 creatures vanquished.

Notes
Turn   | Place    | Note
-------+----------+-------------------------------------------
     0 | D:1      | Iscandelvey the Demonspawn Arcane Marksman began the quest
                  | for the Orb.
     0 | D:1      | Reached XP level 1. HP: 15/15 MP: 2/2
   347 | D:1      | Gained mutation: You are partially covered in sharp spines.
                  | [demonic ancestry]
   347 | D:1      | Reached XP level 2. HP: 18/21 MP: 3/3
  1194 | D:2      | Reached XP level 3. HP: 7/26 MP: 5/5
  1197 | D:2      | Quit the game

Skill      XL: |  1  2 |
---------------+-------+-----
Throwing       | 2 |  2.9
Dodging        | 2 |  2.3
Fighting       | |  1.0
Spellcasting   | |  1.7
Hexes          | |  3.1

Action                   || total
-------------------------++-------
Melee: Dagger            ||    69
       Unarmed           ||     1
Throw: Javelin           ||     9
Armor: Leather armour    ||    21
Dodge: Dodged            ||    56
